Map: Port Aleksander LE

Players

PtitDrogo

  • Race: Protoss Protoss
  • Spawn Location: 11:00

Marinelord - Winner!

  • Race: Terran Terran
  • Spawn Location: 5:00

Event: 2019 WCS Spring

VOD

Have the link to the VOD?

Description

Time

  • Played on: May 17, 2019, 7:19 a.m.
  • Length: 12:06

All games in this series

Show
View Real Time Build Order
Export as new Build Order

PtitDrogo Protoss 

Build Orders: 1 Gate Expand, Zealot Archon, Colossus Rush 

Get SALT Encoding   

  12  0:00  Probe  
  13  0:12  Probe  
  14  0:17  Pylon  
  14  0:25  Probe  
  15  0:34  Probe  
  15  0:36  Gateway  
  16  0:43  Probe  
  16  0:48  Assimilator  
  17  0:52  Probe  
  18  1:04  Probe  
  19  1:17  Probe  
  20  1:24  Nexus  
  20  1:34  Cybernetics Core  
  20  1:37  Probe  
  21  1:45  Assimilator  
  21  1:49  Probe  
  21  1:54  Pylon  
  22  2:02  Stalker, Probe  
  23  2:14  Probe  
  26  2:19  Robotics Facility  
  26  2:26  Warp Gate, Probe  
  27  2:33  Probe  
  27  2:35  Stalker  
  27  2:36  Probe  
  30  2:41  Probe  
  31  2:44  Probe  
  31  2:51  Probe  
  33  2:54  Probe  
  35  3:01  Observer  
  35  3:03  Probe  
  36  3:06  Probe  
  36  3:08  Sentry  
  36  3:11  Gateway  
  40  3:13  Gateway  
  40  3:16  Probe  
  41  3:20  Observer  
  41  3:23  Probe  
  41  3:25  Pylon  
  43  3:29  Probe  
  43  3:34  Assimilator  
  44  3:35  Probe  
  44  3:36  Assimilator  
  45  3:41  Probe  
  45  3:43  Observer  
  47  3:49  Probe, Pylon  
  47  3:50  Probe  
  49  3:58  Probe  
  49  4:02  Probe  
  51  4:07  Probe  
  51  4:14  Probe  
  51  4:16  Stalker x3  
  59  4:18  Observer  
  59  4:19  Probe, Pylon  
  60  4:26  Probe  
  60  4:30  Robotics Bay  
  61  4:32  Probe  
  61  4:38  Probe  
  63  4:44  Probe  
  64  4:46  Nexus  
  64  4:49  Pylon  
  64  4:50  Probe  
  65  4:55  Twilight Council  
  65  4:56  Probe, Forge  
  65  4:58  Sentry  
  65  4:59  Sentry  
  70  5:07  Probe  
  70  5:08  Probe  
  70  5:10  Blink  
  72  5:17  Stalker  
  72  5:18  Pylon  
  72  5:19  Probe  
  72  5:20  Probe  
  76  5:24  Stalker  
  78  5:33  Colossus  
  78  5:36  Probe x2  
  78  5:40  Protoss Ground Weapons Level 1  
  86  5:54  Forge  
  86  5:55  Extended Thermal Lance, Probe  
  86  5:58  Probe x2  
  86  6:03  Probe  
  89  6:10  Probe x2  
  89  6:11  Assimilator  
  92  6:13  Assimilator  
  92  6:14  Gateway  
  92  6:17  Colossus, Gateway  
  92  6:19  Photon Cannon  
  92  6:22  Probe x2  
  92  6:24  Gateway  
  94  6:27  Pylon  
  94  6:32  Probe  
  101  6:34  Photon Cannon  
  101  6:42  Protoss Ground Armor Level 1  
  101  6:45  Charge, Templar Archives  
  101  6:48  Gateway x2  
  101  6:49  Gateway  
  101  6:53  Gateway  
  101  6:55  Colossus, Pylon  
  101  7:03  Shield Battery  
  101  7:05  Pylon  
  101  7:10  Pylon  
  107  7:17  Pylon  
  107  7:21  High Templar  
  107  7:22  Stalker x2, High Templar, Pylon  
  115  7:23  Zealot  
  115  7:26  Archon  
  117  7:30  Shield Battery  
  117  7:33  Pylon  
  117  7:43  Protoss Ground Weapons Level 2  
  117  7:50  Probe  
  117  7:55  Probe  
  117  7:58  High Templar x2  
  117  7:59  Zealot x8  
  136  8:06  Archon  
  136  8:08  Probe  
  135  8:25  Colossus, Zealot x6  
  135  8:26  Zealot x2  
  129  8:33  Stalker x2  
  117  8:55  Stalker x3  
  109  8:56  Probe  
  109  8:58  Zealot  
  109  8:59  Nexus  
  98  9:04  Stalker x2  
  98  9:07  Protoss Ground Armor Level 2  
  94  9:10  High Templar  
  94  9:11  High Templar x3  
  94  9:14  Archon  
  94  9:15  Archon  
  102  9:23  Sentry  
  103  9:27  Pylon  
  103  9:29  Zealot x5  
  113  9:43  Probe  
  109  9:46  Stalker x5  
  109  9:50  Zealot  
  106  9:53  Probe  
  106  9:56  Probe  
  106  9:59  Probe  
  109  10:05  Probe  
  109  10:06  Assimilator  
  110  10:14  Probe  
  111  10:20  Probe x3  
  111  10:21  Colossus  
  110  10:26  Probe  
  111  10:32  Probe  
  111  10:33  Probe x2  
  111  10:35  High Templar x2  
  124  10:36  Zealot x2  
  124  10:38  Probe  
  124  10:40  Archon  
  129  10:44  Photon Cannon  
  129  10:46  Stalker x2  
  133  10:50  Stalker  
  133  10:52  Probe  
  133  10:54  Probe  
  133  10:55  Probe  
  138  11:01  Zealot x4  
  123  11:18  Stalker x3  
  127  11:30  Zealot x3  
  125  11:34  Zealot  
  110  11:50  Stalker x4  
Show
View Real Time Build Order
Export as new Build Order

Marinelord Terran - Winner!

Build Orders: Reaper Expand 

Get SALT Encoding   

  12  0:00  SCV  
  13  0:12  SCV  
  14  0:17  Supply Depot  
  14  0:25  SCV  
  15  0:39  SCV, Barracks  
  16  0:46  Refinery  
  16  0:51  SCV  
  17  1:03  SCV  
  18  1:15  SCV  
  19  1:27  Orbital Command  
  19  1:28  Reaper  
  20  1:43  Command Center  
  20  1:51  Bunker  
  20  1:53  SCV  
  21  2:00  Barracks Reactor  
  21  2:03  Supply Depot  
  21  2:07  SCV  
  22  2:19  SCV  
  23  2:27  Factory  
  23  2:31  SCV  
  23  2:36  Marine x2  
  26  2:43  SCV  
  27  2:55  SCV, Orbital Command  
  27  2:57  Marine x2  
  30  3:07  SCV  
  30  3:11  Command Center  
  31  3:13  Widow Mine  
  33  3:21  SCV  
  33  3:22  SCV  
  33  3:23  Starport  
  34  3:28  Refinery  
  34  3:33  SCV  
  35  3:34  SCV, Marine x2  
  35  3:39  Widow Mine  
  40  3:45  SCV  
  40  3:46  SCV  
  42  3:49  Supply Depot  
  42  3:54  Marine x2  
  44  3:57  SCV  
  44  3:58  SCV  
  46  4:05  Factory Tech Lab  
  46  4:11  SCV x2, Medivac  
  46  4:12  Marine x2  
  46  4:16  Supply Depot  
  52  4:23  SCV x2, Barracks  
  52  4:24  Siege Tank  
  57  4:26  Orbital Command  
  57  4:30  Marine x2  
  59  4:35  SCV  
  60  4:38  SCV  
  60  4:43  Starport Tech Lab  
  61  4:46  Barracks, Refinery  
  61  4:47  Refinery  
  61  4:48  Marine  
  61  4:49  Marine  
  63  4:54  SCV x2  
  63  4:55  SCV  
  66  5:03  Engineering Bay  
  66  5:06  SCV x2  
  66  5:07  Engineering Bay  
  68  5:09  SCV  
  68  5:10  Factory Reactor  
  68  5:12  Marine  
  70  5:15  Raven  
  70  5:18  SCV x2  
  74  5:26  Supply Depot  
  74  5:29  Marine  
  74  5:30  Supply Depot  
  74  5:31  Stimpack, Marine  
  76  5:35  Barracks Tech Lab  
  76  5:36  SCV  
  76  5:37  Orbital Command  
  77  5:48  SCV x2  
  79  5:51  Marauder, Marine x2  
  79  5:54  Widow Mine x2  
  87  5:57  Combat Shield  
  87  5:58  Marauder  
  87  6:00  Terran Infantry Weapons Level 1, Terran Infantry Armor Level 1  
  89  6:09  SCV x3  
  92  6:11  Starport Reactor, Barracks x2  
  92  6:14  Supply Depot  
  92  6:16  Supply Depot  
  92  6:21  SCV x2  
  92  6:23  Marauder x2  
  92  6:24  Marine  
  92  6:25  Marine  
  100  6:31  SCV  
  101  6:35  SCV  
  101  6:36  Widow Mine x2  
  101  6:37  Supply Depot  
  101  6:39  SCV  
  107  6:41  Supply Depot  
  107  6:43  SCV, Supply Depot  
  112  6:47  Marauder x2, SCV, Marine  
  112  6:49  Marine  
  112  6:52  SCV  
  116  6:55  SCV  
  116  6:58  Medivac x2  
  116  7:00  SCV, Supply Depot  
  122  7:03  Supply Depot  
  122  7:07  Armory  
  122  7:09  Factory Reactor, Refinery  
  122  7:10  Refinery  
  122  7:12  Marauder x3, Marine  
  122  7:14  Marine  
  122  7:15  Marine x2  
  132  7:28  Medivac x2  
  136  7:31  Concussive Shells  
  136  7:33  Marauder x2  
  136  7:34  Marine x2  
  136  7:35  Marauder  
  136  7:36  Marine x2  
  146  7:41  SCV x2  
  146  7:43  SCV  
  149  7:52  Command Center  
  149  7:53  SCV  
  149  7:55  Marauder  
  151  7:58  Medivac x2  
  151  7:59  Marauder  
  151  8:02  Marine  
  151  8:03  Supply Depot  
  151  8:04  Supply Depot, Marine x2  
  151  8:05  Terran Infantry Weapons Level 2, Marine  
  156  8:19  Marine  
  152  8:20  Marauder, Marine x2  
  152  8:25  Marine x2  
  134  8:35  Medivac x2  
  134  8:36  Marine  
  134  8:38  Marauder x2  
  135  8:41  Marauder  
  135  8:42  Barracks x2  
  135  8:43  Barracks  
  135  8:48  Liberator x2  
  130  8:49  Marine  
  123  8:56  Marine x2  
  123  8:57  Marine  
  123  8:59  Marauder  
  123  9:00  Marauder  
  121  9:02  Marauder  
  121  9:05  SCV x3  
  121  9:07  Marine  
  131  9:12  Planetary Fortress  
  131  9:17  SCV x2  
  131  9:18  SCV  
  131  9:20  Marauder  
  131  9:21  Marauder  
  138  9:29  Terran Ship Weapons Level 1, SCV, Terran Infantry Armor Level 2  
  138  9:30  SCV x2, Barracks Tech Lab x2  
  141  9:32  Barracks Reactor  
  141  9:38  Marauder, Liberator x2  
  141  9:42  SCV x3, Marauder  
  141  9:43  Marauder  
  146  9:50  Marauder  
  139  9:53  SCV  
  139  9:54  SCV x3  
  139  9:55  Marine  
  139  9:56  Marauder  
  150  10:06  SCV  
  154  10:09  Command Center, Refinery  
  154  10:10  Supply Depot, Refinery  
  154  10:12  Supply Depot  
  154  10:14  Fusion Core, Marauder x2, Starport  
  154  10:19  Marauder  
  154  10:20  Liberator x2  
  154  10:22  Marauder, Marine  
  154  10:28  Marauder, Marine x3  
  162  10:34  Marine  
  162  10:35  Marauder, Marine  
  168  10:36  Marauder  
  168  10:40  Marauder, Marine  
  177  10:43  Marine  
  177  10:45  Marine  
  177  10:46  Widow Mine x2, Marine x2  
  177  10:49  Marauder  
  187  10:51  Liberator  
  187  10:52  Marine x2  
  193  10:57  Marauder x2  
  193  10:58  Marine  
  193  11:01  Marine  
  193  11:03  Marauder, Marine x2  
  195  11:11  Marauder, Marine x2  
  196  11:29  Marauder, Marine x2  
  187  11:36  Marauder, Marine x3  
  187  11:37  Marauder, Marine  
  169  12:02  Starport Reactor  
Tags
 
Add a new tag
Caveats
  • Supply blocks, unpowered buildings, or Contaminate may cause inaccurate times.
  • Supply counts are checked every 10 seconds.